 Dungeon Crawl Stone Soup version 0.30-a0-576-g89cddaab80 (webtiles) character file.

Game seed: 1661518195094966523

169 HoaS the Shooter (level 5, -1/30 HPs)
             Began as a Tengu Hunter on Dec 30, 2022.
             Slain by a black bear (2 damage)
             ... on level 4 of the Dungeon.
             The game lasted 00:07:02 (2374 turns).

HoaS the Shooter (Tengu Hunter)                     Turns: 2374, Time: 00:07:03

Health: -1/30      AC:  3    Str: 11    XL:     5   Next: 50%
Magic:  6/6        EV: 14    Int: 10    God:
Gold:   114        SH:  0    Dex: 19    Spells: 4/4 levels left

rFire   . . .      SeeInvis .    a - +1 shortbow
rCold   . . .      Faith    .    (shield currently unavailable)
rNeg    . . .      Spirit   .    c - +0 leather armour
rPois   .          Reflect  .    (helmet restricted)
rElec   .          Harm     .    (no cloak)
rCorr   .          Rampage  .    (no gloves)
Will    +....                    (boots unavailable)
Stlth   ++                       (no amulet)
HPRegen 0.25/turn                h - ring of willpower
MPRegen 0.10/turn                (no ring)

@: flying quickly and evasively, quick
A: beak, talons 3, nimble flight
a: no special abilities


You were on level 4 of the Dungeon.
You visited 1 branch of the dungeon, and saw 4 of its levels.

You collected 114 gold pieces.

Inventory:

Hand Weapons
 a - a +1 shortbow (weapon)
Armour
 c - a +0 leather armour (worn)
Jewellery
 h - a ring of willpower (left hand)
Scrolls
 b - 3 scrolls of immolation
Potions
 d - 2 potions of curing
 e - a potion of magic {unknown}
 f - a potion of brilliance {unknown}
 g - a potion of attraction {unknown}
 j - a potion of lignification {unknown}


   Skills:
 - Level 2.0 Fighting
 + Level 7.2 Ranged Weapons
 - Level 2.1 Dodging
 - Level 1.0 Stealth


You had 4 spell levels left.
You didn't know any spells.
Your spell library was empty.

Dungeon Overview and Level Annotations

Branches:
Dungeon (4/15)
 Temple: D:4-7

Altars:
Elyvilon

Annotations:
D:3 Pargi
D:4 exclusion: ogre


Innate Abilities, Weirdness & Mutations

You have a beak for a mouth.
You have claws for feet.
Your magical nature lets you fly swiftly and evasively.


Message History

You see here a +0 dagger.
You shoot an arrow. The arrow hits the black bear.
The black bear is heavily wounded.
You shoot an arrow.
The arrow closely misses the black bear.
The black bear misses you. The black bear claws you. x2
The quokka attacks as you move away!
The quokka bites you but does no damage.
The quokka attacks as you move away! The quokka bites you.
The quokka misses you. The quokka attacks as you move away!
The quokka barely misses you. The quokka attacks as you move away!
The quokka barely misses you.
You shoot an arrow. The arrow hits the quokka.
The quokka is almost dead.
The quokka closely misses you.
You shoot an arrow. The arrow hits the quokka!
You kill the quokka!
You shoot an arrow. The arrow hits the black bear!
The black bear is severely wounded.
The black bear goes berserk!
The black bear attacks as you move away!
The black bear misses you. The black bear barely misses you.
The black bear closely misses you. The black bear bites you.
The black bear claws you. The black bear barely misses you.
You shoot an arrow.
The arrow hits the black bear but does no damage.
The black bear is severely wounded.
The black bear closely misses you. The black bear claws you.
The black bear barely misses you.
You are too injured to fight recklessly!
You shoot an arrow. The arrow hits the black bear.
The black bear is almost dead.
The black bear barely misses you.
The black bear claws you but does no damage.
The black bear misses you. The black bear bites you.
* * * LOW HITPOINT WARNING * * *
The black bear claws you.
* * * LOW HITPOINT WARNING * * *
The black bear claws you.
You die...

......#......#.# #..#
....)....#...#.###..#
......#......#......#
.............#..##.##
####..#..........#.# #
####..#......#...#.# .#
...#.........#...#.##.#
##....#......#........#
...............h@.....#
....######.#######.##.#
...............r...# .#
...######.########## #
.#.# #.# .#.# #.# .#.#
#.# ##.# #.# ..# #.#


You could see a black bear (berserk).

Vanquished Creatures
  An orc wizard (D:3)
  4 gnolls (D:2)
  An adder (D:2)
  4 dart slugs
  9 orcs
  5 endoplasms
  4 giant cockroaches
  8 goblins
  9 hobgoblins
  2 jackals (D:2)
  4 quokkas
  5 ball pythons
  2 bats
  5 frilled lizards
  5 kobolds
  8 rats
76 creatures vanquished.

Notes
Turn   | Place    | Note
-------+----------+-------------------------------------------
     0 | D:1      | HoaS the Tengu Hunter began the quest for the Orb.
     0 | D:1      | Reached XP level 1. HP: 12/12 MP: 2/2
   100 | D:1      | Reached XP level 2. HP: 17/17 MP: 3/3
   203 | D:1      | Reached skill level 5 in Ranged Weapons
   609 | D:2      | Reached XP level 3. HP: 21/21 MP: 4/4
   753 | D:2      | Reached skill level 6 in Ranged Weapons
   753 | D:2      | Reached XP level 4. HP: 25/26 MP: 5/5
  1427 | D:3      | Found a white marble altar of Elyvilon.
  1450 | D:3      | Noticed Pargi
  1797 | D:3      | Gained mutation: Your magical nature lets you fly swiftly
                  | and evasively. [Tengu growth]
  1797 | D:3      | Reached XP level 5. HP: 30/30 MP: 6/6
  1816 | D:3      | Found a faded altar of an unknown god.
  1899 | D:3      | Reached skill level 7 in Ranged Weapons
  2006 | D:4      | Noticed a black bear
  2040 | D:4      | Noticed an ogre
  2374 | D:4      | HP: 1/30 [black bear (5)]
  2374 | D:4      | Slain by a black bear

Illustrated notes

Levels and vault maps discovered:
D:1:      ebering_trefoil_3fold, layout_basic
D:2:      layout_basic, chequers_arboretum, minmay_misc_feat_x
D:3:      layout_loops_cross, nicolae_elyvilon_peaceful_grove,
          hellmonk_ecumenical_altar_run_dry, uniq_pargi
D:4:      layout_basic, lemuel_crystal_altar, hangedman_abyss_or_decor_stagger,
          kennysheep_cross_room, grunt_ministairs_3

Skill      XL: |  1  2  3  4  5 |
---------------+----------------+-----
Ranged Weapons | 5 6 7 |  7.2
Fighting       | |  2.0
Dodging        | |  2.1
Stealth        | |  1.0

Action                   |  1- 3 |  4- 6 || total
-------------------------+-------+-------++-------
 Fire: Shortbow          |    75 |   138 ||   213
  Use: Scroll            |       |     5 ||     5
       Potion            |       |     1 ||     1
Armor: Leather armour    |    14 |    10 ||    24
Dodge: Dodged            |    19 |    33 ||    52

Table legend: (Time is in decaauts)
 A = Elapsed time spent in this place.
 B = Non-inter-level travel time spent in this place.
 C = Inter-level travel time spent in this place.
 D = Time resting spent in this place.
 E = Time spent auto-exploring this place.
 F = Levels seen in this place.
 G = Mean time per level.
                   A        B        C        D        E       F      G
               +--------+--------+--------+--------+--------+-----+--------+
         Total |   2374 |   2223 |    151 |    100 |   1602 |   4 |  593.5 |
       Dungeon |   2374 |   2223 |    151 |    100 |   1602 |   4 |  593.5 |
               +--------+--------+--------+--------+--------+-----+--------+

Top non-repeatable levels by time:
     D:2: 859 daAuts
     D:3: 707 daAuts
     D:1: 538 daAuts
     D:4: 270 daAuts
